Workbook
Name mtz_manodeobra: '[1]MANO DE OBRA'!$A$2:$D$8

Sheet PRESUPUESTO
A1: MANTENIMIENTO DE VIAS MEDIANTE REPARCHEO EN PUNTOS CRITICOS DEL AREA URBANA DEL MUNICIPIO DE SANTA ROSA DE OSOS, ANTIOQUIA
A2: ITEM | B2: DESCRIPCION | C2: UN | D2: CANT | E2: VR UNITARIO | F2: VR TOTAL
A3: 2.0 | B3: Transporte, riego y compactacion de material reciclado proveniente de fresado de asfalto para parcheos de vias en espesores varios. | C3: M3 | D3: 151 | E3: ='MAT RECICLADO'!K53 -> 26739.97 | F3: =D3*E3 -> 4037735.5
A4: 3.0 | B4: Suministro, transporte y riego de imprimacion con emulsion asfaltica. | C4: M2 | D4: 3830 | E4: ='EMULSION 1'!J50 -> 8691.7125 | F4: =D4*E4 -> 33289259
B5: SUBTOTAL | F5: =SUM(F3:F4) -> 37326994
B6: AU | E6: ='CALCULO AU'!F45 -> 0.30812947 | F6: =F5*E6 -> 11501547
B7: TOTAL | F7: =F5+F6 -> 48828541
B8: HONORARIOS EDUNA | E8: 0.02 | F8: =F7*E8 -> 976570.82
B9: IVA SOBRE HONORARIOS | E9: 0.19 | F9: =F8*E9 -> 185548.46
B10: TOTAL HONORARIOS EDUNA | F10: =F8+F9 -> 1162119.3
B11: TOTAL MANTENIMIENTO MALLA VIAL | F11: =F7+F10 -> 49990660

Sheet MAT RECICLADO
B1: DATOS ESPECÍFICOS
B3: ITEM | C3: DESCRIPCIÓN | H3: GRUPO DE AJUSTE | I3: UNIDAD | K3: CANTIDAD
B4: ITEM | C4: DESCRIPCIÓN | I4: UNIDAD | K4: CANTIDAD
A5: Unidad | B5: 2 | C5: =PRESUPUESTO!B3 -> Transporte, riego y compactacion de material reciclado proveniente de fresado de asfalto para parcheos de vias en espesores varios. | I5: m3
B7: I. EQUIPO
B9: DESCRIPCIÓN | F9: TIPO | H9: TARIFA/HORA | I9: RENDIMIENTO | K9: Vr. UNITARIO
A10: C0010150 | B10: Voqueta | H10: =900000/8 -> 112500 | J10: =40/8 -> 5 | K10: =H10/J10 -> 22500
A11: C0010160
A12: C0010610
A13: C0010730
A14: C0010923
B17: HERRAMIENTA MENOR (%) | J17: 0.1 | K17: =K51*J17 -> 385.45182
B19: SUBTOTAL $ | K19: =SUM(K10:K18) -> 22885.452
B21: II. MATERIALES
B23: DESCRIPCIÓN | G23: UNIDAD | H23: CANTIDAD | I23: PRECIO UNIT. | K23: Vr. UNITARIO
A24: B0063200
A25: B0103491
B29: SUBTOTAL $ | K29: =SUM(K24:K28) -> 0
B31: III. TRANSPORTES
B33: MATERIAL | F33: CANTIDAD (1) | G33: DISTANCIA (2) | H33: (1) * (2) | I33: TARIFA | K33: Vr. UNITARIO
B40: SUBTOTAL $
B42: IV. MANO DE OBRA
B44: TRABAJADOR | F44: JORNAL | G44: PRESTACIONES (%) | H44: JORNAL TOTAL | I44: RENDIMIENTO | K44: Vr. UNITARIO
A45: A0040010 | B45: =VLOOKUP(A45,'[2]MANO DE OBRA'!A8:D68,3,FALSE) -> Oficial | F45: =H45/1.85 -> 57668.24 | G45: 185 | H45: ='MANO DE OBRA'!D20 -> 106686.24 | J45: 96 | K45: =H45/J45 -> 1111.315
A46: A0030060 | B46: =VLOOKUP(A46,'[2]MANO DE OBRA'!A8:D69,3,FALSE) -> Obrero (6) | F46: =H46/1.85 -> 142350 | G46: 185 | H46: ='MANO DE OBRA'!D13 -> 263347.5 | J46: 96 | K46: =H46/J46 -> 2743.2031
B51: SUBTOTAL $ | K51: =SUM(K45:K50) -> 3854.5182
B53: TOTAL COSTO DIRECTO $ | K53: =K19+K29+K40+K51 -> 26739.97
B55: V. COSTOS INDIRECTOS

Sheet EMULSION 1
B1: DATOS ESPECÍFICOS
B3: ITEM | C3: DESCRIPCIÓN | H3: GRUPO DE AJUSTE | J3: CANTIDAD
B4: ITEM | C4: DESCRIPCIÓN | J4: CANTIDAD
A5: Unidad | B5: 2 | C5: =PRESUPUESTO!B3 -> Transporte, riego y compactacion de material reciclado proveniente de fresado de asfalto para parcheos de vias en espesores varios. | I5: m3
B7: I. EQUIPO
B9: DESCRIPCIÓN | F9: TIPO | H9: TARIFA/HORA | J9: Vr. UNITARIO
A10: C0010150
A11: C0010923
B14: HERRAMIENTA MENOR (%) | I14: 0.05 | J14: =J48*I14 -> 33.7625
B16: SUBTOTAL $ | J16: =SUM(J10:J15) -> 33.7625
B18: II. MATERIALES
B20: DESCRIPCIÓN | G20: UNIDAD | H20: CANTIDAD | J20: Vr. UNITARIO
A21: B0063200 | B21: Emulsion asfaltica CRL-1 | G21: GL | H21: 14406 | I21: 0.45 | J21: =H21*I21 -> 6482.7
A22: B0103491
B26: SUBTOTAL $ | J26: =SUM(J21:J25) -> 6482.7
B28: III. TRANSPORTES
B30: MATERIAL | F30: CANTIDAD (1) | G30: DISTANCIA (2) | H30: (1) * (2) | J30: Vr. UNITARIO
B31: Transporte | F31: 1 | G31: 30 | H31: =F31*G31 -> 30 | I31: 50 | J31: =H31*I31 -> 1500
B37: SUBTOTAL $ | J37: =SUM(J31:J36) -> 1500
B39: IV. MANO DE OBRA
B41: TRABAJADOR | F41: JORNAL | G41: PRESTACIONES (%) | H41: JORNAL TOTAL | J41: Vr. UNITARIO
A42: A0040010 | B42: Ayudante entendido | F42: ='MANO DE OBRA'!D6/1.85 -> 47450 | G42: 0.85 | H42: =F42*(1+G42) -> 87782.5 | I42: 130 | J42: =H42/I42 -> 675.25
A43: A0030060
B48: SUBTOTAL $ | J48: =SUM(J42:J47) -> 675.25
B50: TOTAL COSTO DIRECTO $ | J50: =J16+J26+J37+J48 -> 8691.7125
B52: V. COSTOS INDIRECTOS

Sheet MANO DE OBRA
A1: MANO DE OBRA INCLUIDO FACTOR PRESTACIONAL
A4: - | B4: día | C4: Jornal SMMMLV - SMDLV 2025 | D4: =1423500/30 -> 47450
D5: Moneda (Pesos $)
A6: A0100150 | B6: día | C6: Ayudante | D6: =$D$4*1.85 -> 87782.5
A7: A0041004 | B7: día | C7: Cuadrilla de Un Oficial y (2) Obreros. | D7: 213372.49
A8: A0041006 | B8: día | C8: Cuadrilla de un oficial y (4) Obreros. | D8: 320058.73
A9: A0041008 | B9: día | C9: 1 Oficial y 1 Obrero. | D9: =$D$20+$D$26 -> 194468.74
A10: A0100030 | B10: día | C10: Maestro | D10: 160029.37
A11: A0030100 | B11: día | C11: Obrero (10) | D11: =$D$26*10 -> 877825
A12: A0030020 | B12: día | C12: Obrero (2) | D12: =$D$26*2 -> 175565
A13: A0030030 | B13: día | C13: Obrero (3) | D13: =$D$26*3 -> 263347.5
A14: A0030040 | B14: día | C14: Obrero (4) | D14: =$D$26*4 -> 351130
A15: A0030050 | B15: día | C15: Obrero (5) | D15: =$D$26*5 -> 438912.5
A16: A0030060 | B16: día | C16: Obrero (6) | D16: =$D$26*6 -> 526695
A17: A0030070 | B17: día | C17: Obrero (7) | D17: =$D$26*7 -> 614477.5
A18: A0030080 | B18: día | C18: Obrero (8) | D18: =$D$26*8 -> 702260
A19: A0030090 | B19: día | C19: Obrero (9) | D19: =$D$26*9 -> 790042.5
A20: A0040010 | B20: día | C20: Oficial | D20: 106686.24
A21: A0041002 | B21: día | C21: Oficial Obrero (3) Cuadrilla de un oficial y 3 Obreros. | D21: 266715.61
A22: A0040020 | B22: día | C22: Oficial (2) | D22: =D20*2 -> 213372.49
A23: A0040030 | B23: día | C23: Oficial (3) | D23: =D20*3 -> 320058.73
A24: A0100050 | B24: día | C24: Oficial + 3 Ayudantes (armado e inyección de anclajes) | D24: =D20+(3*#REF!) -> #REF!
A25: A0090010 | B25: día | C25: Topógrafo | D25: 160029.37
A26: A0030010 | B26: día | C26: Obrero | D26: =$D$4*1.85 -> 87782.5

Sheet AU
B1: ADECUACIÓN MANTENIMIENTO Y MEJORAMIENTO DE LA MALLA VIAL Y OBRAS COMPLEMENTARIAS DEL MUNICIPIO DE SANTA ROSA DE OSOS
B3: Calculo Administracion y Utilidad | E3: ENERO de 2025
A5: No. | B5: DESCRIPCION | C5: CANT | D5: VALOR MENSUAL | E5: % PREST | F5: DEDICACIÓN | G5: MESES | H5: VALOR PARCIAL
A7: 1 | B7: PERSONAL PROFESIONAL Y TÉCNICO
B8: Profesional en ingenieria civil | C8: 1 | D8: 3000000 | E8: 1.583 | F8: 0.5 | G8: 1 | H8: =C8*D8*E8*F8*G8 -> 2374500
A10: 2 | B10: ESTAMPILLAS Y RETENCIONES
B11: POLIZAS | H11: 500000
B12: PROADULTO | C12: 0.04 | H12: =$I$12*C12 -> 2000000 | I12: 50000000 | J12: =I12/1.32 -> 37878788
B13: PARA LA JUSTICIA FAMILIAR | C13: 0.02 | H13: =$I$12*C13 -> 1000000
B14: PRODEPORTES | C14: 0.015 | H14: =$I$12*C14 -> 750000
B15: PRO CULTURA | C15: 0.02 | H15: =$I$12*C15 -> 1000000 | I15: =I12/1.3437 -> 37210687
B16: SOBRETASA BOMBERIL | C16: 0.02 | H16: =$I$12*C16 -> 1000000
B17: SEGURIDAD | C17: 0.05 | H17: =$I$12*C17 -> 2500000
B18: SUBTOTAL DE COSTOS DE ADMINISTRACION | H18: =ROUND(SUM(H6:H17),0) -> 11124500
B19: COSTO DIRECTO (OBRA CIVIL) | H19: =I15 -> 37210687
B21: COSTO DIRECTO (TOTAL) | H21: =+H19+H20 -> 37210687
B22: ADMINISTRACION (OBRA CIVIL) | C22: =H18/H21 -> 0.29895981 | H22: =H18*C22 -> 3325778.4
B23: UTILIDAD | C23: 0.05 | H23: =ROUNDDOWN(H19*C23,0) -> 1860534
B24: SUBTOTAL A.U. | C24: =SUM(C22:C23) -> 0.34895981 | H24: =H22+H23 -> 5186312.4
B26: TOTAL COSTO DIRECTO OBRA CIVIL + AU | H26: =H19+H20+H24 -> 42396999

Sheet CALCULO AU
A3: ANALISIS DE AU
B4: Costo directo total | G4: 48832552
B6: Costo Total Obra | G6: 49994766
B8: Costos de administración de obra
B10: Descripción | C10: UNIDAD | D10: CANTIDAD | E10: PARTICIPACIÓN | F10: VALOR UNITARIO | G10: VALOR TOTAL
A12: 1 | B12: Personal de obra
B13: ingeniero civil | C13: meses | D13: 1 | E13: 1 | F13: 5000000 | G13: =D13*E13*F13 -> 5000000
B15: Total personal de obra | G15: =SUM(G13:G14) -> 5000000
A17: 2 | B17: Costos de servicios públicos
B19: Total costos de servicios públicos | G19: =SUM(G18:G18) -> 0
A21: 3 | B21: Otros gastos generales
B23: Total otros - gastos generales | G23: =SUM(G22:G22) -> 0
A25: 4 | B25: Costos de legalización del contrato
B26: POLIZAS | F26: 0.0055183331 | G26: =+F26*G6 -> 275887.77
B27: Total costos de legalización del contrato | G27: =SUM(G26:G26) -> 275887.77
A29: 5 | B29: Costos de impuestos o carga impositiva
A30: 6.1 | B30: Pro Adulto Mayor | D30: 1 | E30: 0.04 | F30: =$G$6 -> 49994766 | G30: =F30*E30 -> 1999790.7
A31: 6.2 | B31: Pro Cultura | D31: 1 | E31: 0.02 | F31: =$G$6 -> 49994766 | G31: =F31*E31 -> 999895.33
A32: 6.4 | B32: Justicia Familia | D32: 1 | E32: 0.02 | F32: =$G$6 -> 49994766 | G32: =F32*E32 -> 999895.33
A33: 6.5 | B33: Sobretasa Bomberil | D33: 1 | E33: =2% -> 0.02 | F33: =$G$6 -> 49994766 | G33: =F33*E33*0.08 -> 79991.626
A34: 6.6 | B34: Pro deportes | D34: 1 | E34: 0.015 | F34: =$G$6 -> 49994766 | G34: =F34*E34 -> 749921.49
A35: 6.7 | B35: Fondo seguridad | D35: 1 | E35: 0.05 | F35: =$G$6 -> 49994766 | G35: =F35*E35 -> 2499738.3
B37: Total costos de impuestos | G37: =SUM(G30:G35) -> 7329232.7
B39: administración | F39: =G39/G4 -> 0.25812947 | G39: =G37+G27+G23+G19+G15 -> 12605121
B41: utilidad | F41: 0.05 | G41: =G39 -> 12605121
B45: Total Retenciones | F45: =SUM(F38:F44) -> 0.30812947 | G45: =SUM(G39:G44) -> 25210241
